 Dungeon Crawl Stone Soup version 0.31-a0-931-g7b59d4eb97 (webtiles) character file.

Game seed: 2989314376315847058

114 Persephone the Ruffian (level 4, 0/37 HPs)
             Began as a Draconian Shapeshifter on Oct 19, 2023.
             Killed from afar by Natasha (9 damage)
             ... with a puff of flame
             ... on level 2 of the Dungeon.
             The game lasted 00:02:38 (1542 turns).

Persephone the Ruffian (Draconian Shapeshifter)     Turns: 1542, Time: 00:02:39

Health: 0/37       AC:  5    Str: 18    XL:     4   Next: 66%
Magic:  4/4        EV: 12    Int: 10    God:
Gold:   73         SH:  0    Dex: 11    Spells: 3/3 levels left

rFire   . .          .
                       - Unarmed
rCold   . . .        (no shield)
rNeg    . . .        (body armour unavailable)
rPois   .            (helmet currently unavailable)
rElec   .            (cloak currently unavailable)
rCorr   .            (gloves currently unavailable)
SInv    .            (boots currently unavailable)
Will    .....        (no amulet)
Stlth   +            (no ring)
HPRegen 0.26/turn    (no ring)
MPRegen 0.09/turn

%: no passive effects
@: beast-form
A: beast (slay +2), AC +5, unfitting armour, cold-blooded
a: Begin Untransformation


You were on level 2 of the Dungeon.
You were a hulking beast.
You visited 1 branch of the dungeon, and saw 2 of its levels.

You collected 73 gold pieces.

Inventory:

Talismans
 b - a beast talisman (active)
 c - a flux talisman
Scrolls
 d - a scroll of butterflies {unknown}
 e - a scroll of fear {unknown}
 g - a scroll of fog {unknown}
 h - a scroll of immolation {unknown}
 i - a scroll of amnesia {unknown}
Potions
 a - a potion of lignification
 f - a potion of degeneration {unknown}


   Skills:
 + Level 2.5 Fighting
 - Level 1.7 Dodging
 * Level 4.4 Unarmed Combat
 + Level 3.6 Shapeshifting


You had 3 spell levels left.
You didn't know any spells.
Your spell library was empty.

Dungeon Overview and Level Annotations

Branches:
Dungeon (2/15)

Altars:

Annotations:
D:2 Natasha


Innate Abilities, Weirdness & Mutations

You are a hulking beast.
Your limbs bulge with bestial killing power. (Slay +2)
Your plain brown scales are hard. (AC +5)
You cannot fit into any form of body armour.
You are cold-blooded and may be slowed by cold attacks.


Message History

You closely miss Natasha.
Natasha is heavily wounded.
The cerulean imp hits you but does no damage.
The cerulean imp hits you from afar with a +0 spear.
* * * LOW HITPOINT WARNING * * *
A kobold comes into view. It is wielding a +0 club.
Natasha zaps a wand.
The puff of flame misses you.
You hit Natasha.
Natasha is severely wounded.
The cerulean imp hits you with a +0 spear.
* * * LOW HITPOINT WARNING * * *
The cerulean imp hits you from afar with a +0 spear.
* * * LOW HITPOINT WARNING * * *
Natasha barely misses you.
You hit Natasha. You tail-slap Natasha.
Natasha is almost dead.
The cerulean imp barely misses you. The cerulean imp closely misses you.
Natasha zaps a wand.
The puff of flame misses you.
You hit Natasha.
Natasha is almost dead.
The cerulean imp misses you. The cerulean imp closely misses you.
Natasha hisses.
Natasha barely misses you.
You hit Natasha.
You kill Natasha!
Natasha screams in pain as she dies!
The cerulean imp disappears in a puff of smoke! x2
You miss the kobold. You tail-slap the kobold.
You kill the kobold!
You now have 73 gold pieces (gained 11).
Things that are here:
a +0 club; a kobold corpse Natasha, Servant of Life and Death comes into view.
She is carrying a wand of flame.
Natasha is nearby!
Natasha is nearby!
Natasha is nearby!
Unknown command.
Natasha zaps a wand.
The puff of flame hits you!
You die...
Natasha curls up and begins to purr.

.. #> .##########
#.#..........
#.#..........
####.#..........
................
.h.....)........
###.##.h........
#......>... #.
#.......... #.#
####.######## ####
####...##...######
[...
..................#
####
#.##.#..#..######.#
##†#....###.#
####..†..# #†#


You could see Natasha.

Vanquished Creatures
  Natasha (twice) (D:2)
  An adder (D:2)
  2 worms (D:2)
  2 bats
  4 endoplasms
  A giant cockroach (D:1)
  3 goblins
  3 hobgoblins (D:2)
  8 jackals (D:1)
  6 kobolds
  2 quokkas (D:2)
  4 ball pythons
  4 frilled lizards
  5 rats
47 creatures vanquished.

Notes
Turn   | Place    | Note
-------+----------+-------------------------------------------
     0 | D:1      | Persephone the Draconian Shapeshifter began the quest for
                  | the Orb.
     0 | D:1      | Reached XP level 1. HP: 16/16 MP: 1/1
    50 | D:1      | Reached XP level 2. HP: 18/23 MP: 2/2
   913 | D:1      | Reached XP level 3. HP: 29/29 MP: 3/3
  1355 | D:2      | Reached skill level 4 in Unarmed Combat
  1459 | D:2      | Noticed Natasha
  1466 | D:2      | Killed Natasha
  1467 | D:2      | Reached XP level 4. HP: 27/37 MP: 4/4
  1508 | D:2      | Noticed Natasha
  1524 | D:2      | Killed Natasha
  1541 | D:2      | Noticed Natasha
  1542 | D:2      | Killed from afar by Natasha

Illustrated notes

Levels and vault maps discovered:
D:1:      elethiomel_arrival_quiet, layout_basic
D:2:      layout_rooms, basic_altar, uniq_natasha

Skill      XL: |  1  2  3 |
---------------+----------+-----
Fighting       | 2 |  2.5
Unarmed Combat | 4 |  4.4
Dodging        | |  1.7
Shapeshifting  | |  3.6

Action                     |  1- 3 |  4- 6 || total
---------------------------+-------+-------++-------
  Melee: Unarmed           |   115 |    18 ||   133
         Tailslap          |     8 |     3 ||    11
         Punch             |     1 |     2 ||     3
    Use: Potion            |     1 |       ||     1
   Stab: Sleeping          |     1 |       ||     1
 Armour: Skin              |   114 |    12 ||   126
  Dodge: Dodged            |    84 |    16 ||   100

Table legend: (Time is in decaauts)
 A = Elapsed time spent in this place.
 B = Non-inter-level travel time spent in this place.
 C = Inter-level travel time spent in this place.
 D = Time resting spent in this place.
 E = Time spent auto-exploring this place.
 F = Levels seen in this place.
 G = Mean time per level.
                   A        B        C        D        E       F      G
               +--------+--------+--------+--------+--------+-----+--------+
         Total |   1544 |   1535 |      9 |      0 |   1257 |   2 |  772.0 |
       Dungeon |   1544 |   1535 |      9 |      0 |   1257 |   2 |  772.0 |
               +--------+--------+--------+--------+--------+-----+--------+

Top non-repeatable levels by time:
     D:1: 1050 daAuts
     D:2: 493 daAuts
